 Dungeon Crawl Stone Soup version 0.27.0-1-g7a089689b8 (webtiles) character file.

Game seed: 16930458422759973857

18 sanka the Changer (level 2, 14/14 HPs)
             Began as a Spriggan Transmuter on Aug 8, 2021.
             Was a Follower of Zin.
             Quit the game on level 1 of the Dungeon.
             The game lasted 00:01:43 (1342 turns).

sanka the Changer (Spriggan Transmuter)             Turns: 1342, Time: 00:01:43

Health: 14/14      AC:  2    Str:  6    XL:     2   Next: 48%
Magic:  7/7        EV: 17    Int: 14    God:    Zin [*.....]
Gold:   26         SH:  0    Dex: 15    Spells: 6/7 levels left

rFire    . . .     SeeInvis +     - Unarmed
rCold    . . .     Faith    .   (shield restricted)
rNeg     . . .     Spirit   .   a - +0 robe
rPois    .         Reflect  .   (helmet restricted)
rElec    .         Harm     .   (no cloak)
rCorr    .         Rampage  .   (gloves unavailable)
Will     .....                  (boots unavailable)
Stlth    +.........             (no amulet)
HPRegen  0.04/turn              (no ring)
MPRegen  0.10/turn              (no ring)

@: very quick
A: very small, no large weapons, unfitting armour, see invisible, speed 3
a: Renounce Religion, Recite, Donate Gold


You were on level 1 of the Dungeon.
You worshipped Zin.
Zin was aware of your devotion.
You visited 1 branch of the dungeon, and saw 1 of its levels.

You collected 28 gold pieces.
You donated 2 gold pieces to Zin.


Innate Abilities, Weirdness & Mutations

You are very small and have problems with some larger weapons.
You are too small for most types of armour.
You have supernaturally acute eyesight. (SInv)
You cover ground extremely quickly. (Speed+++)


   Skills:
 - Level 0.7 Fighting
 - Level 2.6 Dodging
 - Level 2.4 Unarmed Combat
 - Level 3.0 Spellcasting
 + Level 3.4 Transmutations
 + Level 1.2 Poison Magic


You had 6 spell levels left.
You knew the following spells:

 Your Spells              Type           Power      Damage    Failure   Level
z - Beastly Appendage     Tmut           22%        N/A       5%          1

Your spell library contained the following spells:

 Spells                   Type           Power      Damage    Failure   Level
 Wereblood                Tmut           11%        N/A       9%          2
 Spider Form              Tmut/Pois      4%         N/A       24%         3
 Static Discharge         Conj/Air       2%         N/A       32%         2
 Ice Form                 Ice/Tmut       6%         N/A       71%         4
 Lightning Bolt           Conj/Air       1%         1d12      99%         5
 Maxwell's Capacitive Co  Air            1%         ∞         100%        8

Inventory:

Armour
 a - a +0 robe (worn)
Scrolls
 d - a scroll of fear {unknown}
Potions
 b - a potion of curing {unknown}
 c - 2 potions of brilliance {unknown}

Dungeon Overview and Level Annotations

Branches:
Dungeon (1/15)

Altars:
Zin

▒▒.......▒▒..♣.♣▒.♣.♣▒ ▒.▒
▒▒.......▒▒..♣.♣♣♣♣.♣ ▒.▒
.........▒▒..♣..♣♣..♣ ▒.▒
.........▒....♣.♣.♣♣♣▒▒▒.▒
.▒.......▒.♣♣.♣...♣....▒.▒
.........▒♣.♣♣♣.⌠.♣♣♣♣.▒.▒
▒▒.▒▒.▒▒▒▒♣...♣...♣♣..♣▒.▒
.▒▒.▒.▒ ♣♣........♣♣♣▒.▒
▒▒▒▒..▒ ▒♣♣..8i8.♣♣▒.▒.▒
.▒.▒..▒▒▒▒▒.♣♣♣♣♣♣♣♣.▒.▒.▒
▒.8.▒............▒ ▒.▒...▒
▒▒.▒.............▒ ▒.▒▒▒▒▒
▒.▒▒.............▒ ▒.▒
.▒▒▒.............▒▒▒.▒
▒▒▒..................▒
▒▒.▒.............▒▒▒▒▒▒▒
▒.⌠.▒.▒▒▒▒▒.▒▒.........▒


There were no monsters in sight!


Message History

HP restored.
You open the door.
There is an open door here.
There is a staircase leading out of the dungeon here.
You open the door.
There is an open door here.
You open the door. You open the door.
There is an open door here.
You enter the shallow water.
There is an open door here.
There is an open door here.
Done exploring.
Done exploring.
Done exploring.
Done exploring.
Search for what [? for help]? .
There is a fountain of clear blue water here.
There is a faded altar of an unknown god here.
You cannot tell which god this altar belongs to.
Convert to them anyway?
Zin accepts your prayer! Zin welcomes you!
You pay a tithe of 2 gold.
You can now donate money to Zin.
You can now recite Zin's Axioms of Law.
Unknown command.
Press < or > to pray at altars. [Y]es or [N]o only, please.
Okay, then.
Are you sure you want to abandon this character and quit the game? (Confirm with "yes".)

Action                   || total
-------------------------++-------
Melee: Unarmed           ||    52
       Kick              ||     6
       Headbutt          ||     5
 Cast: Beastly Appendage ||    10
 Stab: Sleeping          ||     1
Armor: Robe              ||     4
Dodge: Dodged            ||    38

Levels and vault maps discovered:
D:1:      minmay_arrival_stone_box, layout_basic,
          shapermc_ecumenical_altar_totnotflames, grunt_decor_mini_mirrors,
          minivault_4

Notes
Turn   | Place    | Note
-------+----------+-------------------------------------------
     0 | D:1      | sanka the Spriggan Transmuter began the quest for the Orb.
     0 | D:1      | Reached XP level 1. HP: 9/9 MP: 5/5
   325 | D:1      | Reached skill level 3 in Transmutations
   332 | D:1      | Reached skill level 3 in Spellcasting
   400 | D:1      | Reached XP level 2. HP: 9/14 MP: 5/7
   553 | D:1      | Found a faded altar of an unknown god.
   645 | D:1      | Reached skill level 1 in Poison Magic
  1341 | D:1      | Became a worshipper of Zin the Law-Giver
  1341 | D:1      | Reached * piety under Zin
  1342 | D:1      | Quit the game

Vanquished Creatures
  4 ball pythons (D:1)
  2 endoplasms (D:1)
  A goblin (D:1)
  2 hobgoblins (D:1)
  3 jackals (D:1)
  A frilled lizard (D:1)
  A kobold (D:1)
  A rat (D:1)
15 creatures vanquished.
